 Dungeon Crawl Stone Soup version 0.31.0-11-ge490571c62 (webtiles) character file.

Game seed: 7030602690118220815

1237 Killerpretzel the Changeling (level 8, 0/54 HPs)
             Began as an Octopode Shapeshifter on Feb 10, 2024.
             Killed from afar by an orc wizard (13 damage)
             ... with an iceblast
             ... on level 6 of the Dungeon.
             The game lasted 00:13:46 (4770 turns).

Killerpretzel the Changeling (OpSh)                 Turns: 4770, Time: 00:13:47

Health: 0/54       AC:  1    Str: 13    XL:     8   Next: 49%
Magic:  8/8        EV: 14    Int: 13    God:
Gold:   288        SH:  0    Dex: 13    Spells: 7/7 levels left

rFire   . .          .
                       - Unarmed
rCold   . . .        (no shield)
rNeg    . . .        (helmet currently unavailable)
rPois   .            (no amulet)
rElec   .            (no ring)
rCorr   .            (no ring)
SInv    .            (no ring)
Will    .....        (no ring)
Stlth   ++           (no ring)
HPRegen 0.29/turn    (no ring)
MPRegen 0.11/turn    (no ring)
                     (no ring)

%: no passive effects
@: beast-form
A: beast (slay +3), almost no armour, amphibious, 8 rings, camouflage 1,
gelatinous body 1, (nimble swimmer 1), tentacles
a: Begin Untransformation


You were on level 6 of the Dungeon.
You were a hulking beast.
You visited 2 branches of the dungeon, and saw 7 of its levels.

You collected 288 gold pieces.

Inventory:

Missiles
 o - 3 boomerangs (quivered)
Talismans
 b - a beast talisman
 c - a flux talisman
Wands
 j - a wand of charming (20)
 t - a wand of light (7)
Scrolls
 d - a scroll of immolation
 h - 4 scrolls of teleportation
 k - a scroll of fear
 p - 2 scrolls of blinking
 q - a scroll of revelation
 r - a scroll of enchant armour
 s - a scroll of enchant weapon
 u - 3 scrolls of identify
Potions
 a - a potion of lignification
 e - a potion of brilliance
 f - 2 potions of haste
 g - a potion of magic
 i - 3 potions of curing
 l - a potion of might
 m - a potion of degeneration
 n - a potion of berserk rage {unknown}


   Skills:
 + Level 4.4 Fighting
 + Level 4.7 Dodging
 + Level 5.3 Unarmed Combat
 * Level 6.5 Shapeshifting


You had 7 spell levels left.
You didn't know any spells.
Your spell library contained the following spells:

 Spells                   Type           Power      Damage    Failure   Level
 Foxfire                  Conj/Fire      0%         2x1d4     30%         1
 Hailstorm                Conj/Ice       0%         3d5       67%         3
 Summon Ice Beast         Ice/Summ       0%         N/A       67%         3
 Vhi's Electric Charge    Tloc/Air       0%         N/A       97%         4
 Arcjolt                  Conj/Air       0%         1d10      100%        5
 Plasma Beam              Fire/Air       0%         2x1d10    100%        6
 Sculpt Simulacrum        Ice/Alch       0%         N/A       100%        6
 Starburst                Conj/Fire      0%         6d3       100%        6


Dungeon Overview and Level Annotations

Branches:
Dungeon (6/15)             Temple (1/1) D:4

Altars:
Ashenzari
Cheibriados
Dithmenos
Elyvilon
Gozag
Hepliaklqana
Kikubaaqudgha
Makhleb
Nemelex Xobeh
Okawaru
Qazlal
Ru
Sif Muna
Uskayaw
Wu Jian
Yredelemnul
Zin


Innate Abilities, Weirdness & Mutations

You are a hulking beast.
Your limbs bulge with bestial killing power. (Slay +3)
You cannot wear most types of armour.
You are amphibious.
You can wear up to eight rings at the same time.
Your skin changes colour to match your surroundings (Stealth+).
Your rubbery body absorbs attacks. (AC +1, EV +1)
((You are camouflaged when in or above water. (Stealth+)))
You have tentacles for arms and can constrict up to eight enemies at once.


Message History

The orc priest barely misses you.
The orc wizard gestures wildly while chanting.
The orc wizard flickers and vanishes!
Deactivating autopickup; reactivate with Ctrl-A.
The orc barely misses you.
You bludgeon the orc priest!
You kill the orc priest!
The orc closely misses you. Something hits you.
The orc hits you with a +0 hand axe. The orc hits you with a +0 hand axe.
The orc attacks as it pursues you! The orc misses you. Something hits you.
You hear a zap.
An iceblast appears from out of thin air!
The mass of ice explodes!
The iceblast engulfs the orc.
The iceblast engulfs you!
You hear a shout! x7
You closely miss the orc. You grab the orc. You squeeze the orc.
The orc is almost dead.
You constrict the orc, but do no damage.
The orc hits you with a +0 hand axe.
You tentacle-slap the orc but do no damage.
Your squeeze misses the orc.
The orc is almost dead.
You constrict the orc.
You kill the orc!
A puff of flame appears from out of thin air!
The puff of flame misses you.
You hear a zap.
An iceblast appears from out of thin air!
The mass of ice explodes!
The iceblast engulfs you!
You hear a shout! x2
Something hits you.
* * * LOW HITPOINT WARNING * * *
You tentacle-slap something. You bludgeon something!
You hear a zap.
An iceblast appears from out of thin air!
The mass of ice explodes!
The iceblast engulfs you!
You die...

#.#...# #..# #
#.#...###..#########...
#.#...##...#...........
#.#..............###
#.####.#.......#.# #
#.####.##.##.#.#.# .#
#......##......#.###.#
#....................####
................h##..#..
#
##.##########..##{...#.#
#.# ...# ##.##.#+##.# ...
#### #. #......# ..###
#..#.....)#......
#/............#
##.##.........# ...
#.....#...# ###
#.........#


There were no monsters in sight!

Vanquished Creatures
  An ogre (D:5)
  A phantom (D:4)
  A bullfrog (D:6)
  4 scorpions
  2 bombardier beetles (D:4)
  5 orc priests
  4 iguanas
  7 orc wizards
  6 gnolls (D:5)
  5 adders
  A white imp (D:5)
  6 ufetubi
  2 ribbon worms
  4 dart slugs
  26 orcs
  9 ball pythons
  3 endoplasms
  3 giant cockroaches
  4 goblins
  5 hobgoblins
  19 jackals
  6 quokkas
  3 bats
  3 frilled lizards
  6 kobolds
  2 rats
138 creatures vanquished.

Notes
Turn   | Place    | Note
-------+----------+-------------------------------------------
     0 | D:1      | Killerpretzel the Octopode Shapeshifter began the quest for
                  | the Orb.
     0 | D:1      | Reached XP level 1. HP: 13/13 MP: 1/1
   157 | D:1      | Reached XP level 2. HP: 14/18 MP: 2/2
   616 | D:2      | Reached XP level 3. HP: 20/23 MP: 3/3
  1208 | D:2      | Reached XP level 4. HP: 26/29 MP: 4/4
  1379 | D:3      | Identified the +0 leather armour of Zodwia {rElec}
  1400 | D:3      | Reached skill level 4 in Shapeshifting
  1400 | D:3      | Reached XP level 5. HP: 8/34 MP: 5/5
  1510 | D:3      | Found an opulent altar of Gozag.
  2220 | D:4      | Noticed a phantom
  2231 | D:4      | Killed a phantom
  2232 | D:4      | Reached XP level 6. HP: 39/41 MP: 6/6
  2251 | D:4      | Found a staircase to the Ecumenical Temple.
  2259 | Temple   | Entered the Ecumenical Temple
  2399 | D:4      | Found a snail-covered altar of Cheibriados.
  2409 | D:4      | Reached skill level 5 in Shapeshifting
  2587 | D:4      | Reached XP level 7. HP: 46/46 MP: 7/7
  2624 | D:5      | Entered Level 5 of the Dungeon
  3589 | D:5      | Found a hazy altar of Hepliaklqana.
  3627 | D:5      | Found a hide-covered altar of Uskayaw.
  3742 | D:5      | Reached XP level 8. HP: 51/54 MP: 8/8
  3905 | D:5      | Reached skill level 6 in Shapeshifting
  3919 | D:5      | Reached skill level 5 in Unarmed Combat
  4770 | D:6      | Killed from afar by an orc wizard

Illustrated notes

Levels and vault maps discovered:
D:1:      dpeg_arrival_orchard, layout_rooms
D:2:      layout_rooms, serial_bayou_ford_a
D:3:      layout_rooms, mainiacjoe_overflow_six_doors_small
D:4:      layout_rooms, chei_slow_surprise, minmay_temple_entry_overgrown
D:5:      layout_basic, chequers_temple_overflow_statue_of_worship
D:6:      layout_basic, nicolae_vehumet_altar_sigil
Temple:   nicolae_temple_god_jail

Skill      XL: |  1  2  3  4  5  6  7  8 |
---------------+-------------------------+-----
Fighting       | 2 3 4 |  4.4
Shapeshifting  | 4 5 6 |  6.5
Dodging        | 3 4 |  4.7
Unarmed Combat | 4 5 |  5.3

Action                     |  1- 3 |  4- 6 |  7- 9 || total
---------------------------+-------+-------+-------++-------
  Melee: Unarmed           |    77 |    93 |   124 ||   294
         Constrict         |    18 |    26 |    31 ||    75
         Tentacles         |    14 |    29 |    34 ||    77
         Punch             |     4 |     3 |     3 ||    10
    Use: Scroll            |     9 |     1 |     4 ||    14
         Potion            |       |     1 |       ||     1
   Stab: Sleeping          |     6 |     6 |     4 ||    16
 Armour: Skin              |    27 |    40 |    62 ||   129
  Dodge: Dodged            |    55 |    41 |    60 ||   156
